 Dungeon Crawl Stone Soup version 0.29-a0-542-g075992c915 (webtiles) character file.

Game seed: 3185095307291654585

1393 UristMcMason the Skirmisher (level 9, -1/103 HPs)
             Began as a Human Conjurer on June 2, 2022.
             Was an Initiate of Vehumet.
             Slain by a gargoyle
             ... wielding a +0 mace
              (8 damage)
             ... on level 6 of the Dungeon on June 3, 2022.
             The game lasted 00:24:08 (7991 turns).

UristMcMason the Skirmisher (Human Conjurer)        Turns: 7991, Time: 00:24:09

Health: -1/103     AC: 24    Str:  8    XL:     9   Next: 0%
Magic:  15/15      EV:  2    Int: 32    God:    Vehumet [......]
Gold:   1301       SH:  0    Dex: 11    Spells: 13/16 levels left

rFire   + . .      SeeInvis .   w - +0 rapier
rCold   . . .      Faith    .   (no shield)
rNeg    + . .      Spirit   .   (body armour currently unavailable)
rPois   +          Reflect  .   (helmet currently unavailable)
rElec   .          Harm     .   (cloak currently unavailable)
rCorr   +          Rampage  .   (gloves currently unavailable)
Will    .....      NoTele   +   (boots currently unavailable)
Stlth   ++........              (no amulet)
HPRegen 0.27/turn               v - ring of Qofunniq {rF+ rN+ rCorr Int+9 Slay-4}
MPRegen 0.14/turn               (no ring)

@: tree-form
A: stationary, stasis, torment immunity, boosted hp
a: Renounce Religion


You were on level 6 of the Dungeon.
You worshipped Vehumet.
Vehumet was noncommittal.
You were a tree.
You visited 2 branches of the dungeon, and saw 7 of its levels.

You collected 1301 gold pieces.

Inventory:

Hand Weapons
 w - a +0 rapier (weapon)
Armour
 a - a +0 robe (melded)
 i - a +2 cloak of willpower (melded)
Jewellery
 p - a ring of flight
 u - a +6 ring of strength
 v - the ring of Qofunniq (left branch) {rF+ rN+ rCorr Int+9 Slay-4}
   (You found it on level 3 of the Dungeon)

   [ring of positive energy]

   Int:       It affects your intelligence (+9).
   Slay:      It affects your accuracy & damage with ranged weapons and melee
   (-4).
   rF:        It protects you from fire.
   rN:        It protects you from negative energy.
   rCorr:     It protects you from acid and corrosion.
 z - a +6 ring of strength
 C - an amulet of faith
Wands
 n - a wand of charming (11)
 y - a wand of polymorph (6)
Scrolls
 d - a scroll of vulnerability
 f - 3 scrolls of identify
 g - a scroll of blinking
 j - a scroll of silence
 l - a scroll of fog
 o - 3 scrolls of teleportation
 r - a scroll of immolation
 s - 3 scrolls of fear
 t - 2 scrolls of magic mapping
 x - 2 scrolls of noise
Potions
 c - a potion of invisibility
 e - a potion of flight
 h - 3 potions of lignification
 k - a potion of mutation {unknown}
 m - a potion of resistance {unknown}
 q - 2 potions of attraction
 A - a potion of ambrosia {unknown}
 B - a potion of brilliance {unknown}
 D - a potion of berserk rage {unknown}


   Skills:
 * Level 5.9 Fighting
 + Level 3.9 Armour
 + Level 4.5 Dodging
 - Level 2.0 Stealth
 + Level 4.2 Spellcasting
 + Level 5.9 Conjurations


You had 13 spell levels left.
You knew the following spells:

 Your Spells              Type           Power      Damage    Failure   Level
a - Magic Dart            Conj           100%       1d8       1%          1
b - Searing Ray           Conj           88%        2d7       1%          2

Your spell library contained the following spells:

 Spells                   Type           Power      Damage    Failure   Level
 Dazzling Flash           Conj/Hex       50%        N/A       4%          3
 Slow                     Hex            24%        N/A       5%          1
 Fulminant Prism          Conj/Hex       12%        3d9       16%         4
 Iskenderun's Mystic Bla  Conj/Tloc      25%        2d7       16%         4
 Call Canine Familiar     Summ           6%         N/A       17%         3
 Confusing Touch          Hex            6%         N/A       17%         3
 Portal Projectile        Hex/Tloc       12%        N/A       17%         3
 Vampiric Draining        Necr           6%         2d6       17%         3
 Leda's Liquefaction      Hex/Erth       3%         N/A       50%         4


Dungeon Overview and Level Annotations

Branches:
Dungeon (6/15)             Temple (1/1) D:5

Altars:
Ashenzari
Cheibriados
Dithmenos
Fedhas
Makhleb
Nemelex Xobeh
Okawaru
Qazlal
Trog
Uskayaw
Vehumet
Wu Jian
Xom
Yredelemnul
Zin
The Shining One

Annotations:
D:3 Eustachio
D:5 1 runed translucent door


Message History

The searing ray hits the gargoyle.
The gargoyle is severely damaged. (Press . to maintain the ray.)
The gargoyle closely misses you.
The searing ray hits the gargoyle but does no damage.
The gargoyle is severely damaged.
The gargoyle hits you with a +0 mace.
The searing ray hits the gargoyle but does no damage.
The gargoyle is severely damaged.
The gargoyle closely misses you.
The searing ray hits the gargoyle but does no damage.
The gargoyle is severely damaged.
You finish channelling your searing ray.
The gargoyle misses you.
Casting: Searing Ray (safe; 1% risk of failure)
Confirm with . or Enter, or press ? or * to list all spells.
Aiming: Searing Ray (safe; 1% risk of failure)
Press: ? - help, Shift-Dir - straight line, f/p - gargoyle
Aim: a gargoyle, wielding a +0 mace (severely damaged, 91% to hit)
The searing ray hits the gargoyle.
The gargoyle is almost destroyed. (Press . to maintain the ray.)
The gargoyle hurls a stone arrow at you.
The stone arrow hits you!
The searing ray misses the gargoyle.
The gargoyle hurls a stone arrow at you.
The stone arrow hits you!!
* * * LOW HITPOINT WARNING * * *
Really quaff the potion of lignification?
You turn into a tree.
Your +2 cloak of willpower melds into your body.
Your +0 robe melds into your body.
You feel less strong-willed.
Your roots penetrate the ground.
The gargoyle hurls a stone arrow at you.
The stone arrow misses you.
Casting: Searing Ray (safe; 1% risk of failure)
Confirm with . or Enter, or press ? or * to list all spells.
You don't know that spell.
Magic courses through your body. The gargoyle hits you with a +0 mace!
You die...

### #########..####
#.## ##....# #..#
####.. ##..##
############## #....#
#.........# #.##.#
#.........# # #.##÷#
#.........# #
#.##.####.........# #
#.##.♣9##.........####
#.####.............<.)
#.# ###..........#..)
#.# #.#############
##.# #...........# #
#..# ##..........# #
#.## #.9.........# #
#.# ##.####..#######
#.# #..# #...#####.


You could see a gargoyle.

Vanquished Creatures
  A steam dragon (D:6)
  An orc warrior (D:5)
  2 black bears
  2 ogres
  A kobold brigand (D:5)
  A scorpion (D:5)
  A howler monkey (D:5)
  2 orc priests (D:6)
  6 hounds
  3 jellies
  Natasha (thrice) (D:4)
  2 iguanas
  7 adders
  An ufetubus (D:6)
  A dart slug (D:3)
  8 orcs
  8 ball pythons
  4 endoplasms
  A giant cockroach (D:4)
  9 goblins
  7 hobgoblins
  5 jackals (D:2)
  A quokka (D:3)
  7 bats
  3 frilled lizards
  7 kobolds
  5 rats
99 creatures vanquished.

Vanquished Creatures (others)
  A wizard (D:3)
  A black bear (D:6)
  33 plants (D:2)
35 creatures vanquished.

Grand Total: 134 creatures vanquished

Notes
Turn   | Place    | Note
-------+----------+-------------------------------------------
     0 | D:1      | UristMcMason the Human Conjurer began the quest for the
                  | Orb.
     0 | D:1      | Reached XP level 1. HP: 13/13 MP: 3/3
   469 | D:1      | Reached XP level 2. HP: 20/20 MP: 1/5
   892 | D:1      | Reached skill level 1 in Fighting
  1369 | D:2      | Reached XP level 3. HP: 26/26 MP: 3/6
  1508 | D:2      | Reached skill level 1 in Armour
  1754 | D:2      | Found a stormy altar of Qazlal.
  1844 | D:2      | Found a faded altar of an unknown god.
  2199 | D:3      | Reached XP level 4. HP: 33/33 MP: 3/7
  2364 | D:3      | Identified the ring of Qofunniq {rF+ rN+ rCorr Int+9
                  | Slay-4}
  2530 | D:3      | Found a bloodstained altar of Trog.
  2905 | D:3      | Noticed a wizard
  2910 | D:3      | Killed a wizard
  3199 | D:4      | Found an iron altar of Okawaru.
  3206 | D:4      | Learned a level 2 spell: Searing Ray
  3280 | D:4      | Noticed Natasha
  3362 | D:4      | Killed Natasha
  3363 | D:4      | Reached XP level 5. HP: 39/39 MP: 0/8
  3607 | D:4      | Noticed Eustachio
  3862 | D:4      | Noticed a black bear
  4071 | D:4      | Noticed Natasha
  4092 | D:4      | Killed Natasha
  4093 | D:4      | Reached XP level 6. HP: 34/46 MP: 4/10
  4185 | D:4      | Noticed Natasha
  4201 | D:4      | Killed Natasha
  4718 | D:4      | Identified a scroll of acquirement
  4728 | D:4      | Acquired 1016 gold pieces
  4750 | D:4      | Killed a black bear
  4751 | D:4      | Reached XP level 7. HP: 52/52 MP: 5/11
  4841 | D:4      | Found a blossoming altar of Fedhas.
  4841 | D:4      | Found a snail-covered altar of Cheibriados.
  4876 | D:5      | Entered Level 5 of the Dungeon
  4964 | D:4      | Reached skill level 5 in Conjurations
  5399 | D:5      | Found a staircase to the Ecumenical Temple.
  5405 | Temple   | Entered the Ecumenical Temple
  5506 | Temple   | Became a worshipper of Vehumet
  5550 | D:5      | Found a glowing silver altar of Zin.
  5550 | D:5      | Noticed an angel
  5879 | D:5      | Found a runed translucent door.
  5879 | D:5      | Noticed a human
  5883 | D:5      | Found a basalt altar of Yredelemnul.
  5980 | D:5      | Reached XP level 8. HP: 61/61 MP: 9/13
  6596 | D:6      | Reached skill level 5 in Fighting
  7432 | D:6      | Noticed a gargoyle
  7693 | D:6      | Upgraded the game from 0.29-a0-541-gaf1fc19f1b to
                  | 0.29-a0-542-g075992c915
  7714 | D:6      | Reached XP level 9. HP: 56/69 MP: 7/15
  7991 | D:6      | Slain by a gargoyle

Illustrated notes

Levels and vault maps discovered:
D:1:      heliophobic_arrival_enchanted_forest, layout_basic,
          grunt_decor_mini_mirrors
D:2:      layout_rooms, chequers_ecumenical_altar_island, basic_altar,
          serial_bayou_lagoon_a
D:3:      layout_loops_ring, trog_wizard
D:4:      layout_basic, okawaru_metal_pillars_1_2,
          gammafunk_temple_overflow_elements, uniq_natasha, uniq_eustachio
D:5:      layout_loops_ring, zin_angel, dk_yredelemnul_ordeal,
          minmay_temple_entry_enclosed_plants, chequers_serial_rivers_room_b
D:6:      layout_rooms
Temple:   zaba_magenta_temple

Skill      XL: |  1  2  3  4  5  6  7  8 |
---------------+-------------------------+-----
Fighting       | 1 2 3 4 5 |  5.9
Armour         | 1 2 3 |  3.9
Dodging        | 3 4 |  4.5
Spellcasting   | 3 4 |  4.2
Conjurations   | 5 |  5.9
Stealth        | |  2.0

Action                   |  1- 3 |  4- 6 |  7- 9 || total
-------------------------+-------+-------+-------++-------
 Cast: Magic Dart        |    79 |    61 |    38 ||   178
       Searing Ray       |       |    13 |    28 ||    41
Evoke: Wand              |       |     4 |     2 ||     6
  Use: Scroll            |       |    17 |     2 ||    19
       Potion            |       |       |     2 ||     2
Armor: Robe              |    14 |     9 |    16 ||    39
       Skin              |       |     4 |       ||     4
Dodge: Dodged            |    11 |    38 |    52 ||   101

Table legend: (Time is in decaauts)
 A = Elapsed time spent in this place.
 B = Non-inter-level travel time spent in this place.
 C = Inter-level travel time spent in this place.
 D = Time resting spent in this place.
 E = Time spent auto-exploring this place.
 F = Levels seen in this place.
 G = Mean time per level.
                   A        B        C        D        E       F      G
               +--------+--------+--------+--------+--------+-----+--------+
         Total |   8026 |   7652 |    374 |   2297 |   4028 |   7 | 1146.6 |
       Dungeon |   7911 |   7549 |    362 |   2297 |   3982 |   6 | 1318.5 |
        Temple |    114 |    102 |     12 |      0 |     46 |   1 |  114.0 |
               +--------+--------+--------+--------+--------+-----+--------+

Top non-repeatable levels by time:
     D:5: 1526 daAuts
     D:4: 1437 daAuts
     D:3: 1413 daAuts
     D:1: 1347 daAuts
     D:6: 1323 daAuts
     D:2: 862 daAuts
  Temple: 114 daAuts
